AoeStats
← scjeff42

MegaRandom

508428478Analyzed
2v2 RM · 9d ago on Sep 22, 2026· 40m 27s· 4 players
Game mode
Random Map
Map size
Medium (4 player)
Population
200
Speed
Normal
Resources
Standard
Victory
Conquest
Starting age
Dark Age
Ending age
Imperial Age
RankedLock teamsTeams togetherTeam positionsShared explorationLock speedFull tech treeHidden civsTurbo modeCheats
Victory
Defeat
🇧🇪 Ethiopians · Belgium
880
+16
🇧🇪 Portuguese · Belgium
879
+16
🇫🇷 Berbers · France
881
-43
🇨🇦 Bulgarians · Canada
880
-35
lucasend
7:00 Loom
12:41 Feudal Age
18:04 Castle Age
22:45 Double-Bit Axe
28:53 Imperial Age
28:08 Wheelbarrow
27:19 Town Watch
29:22 Hand Cart
32:29 Town Patrol
34:07 Chemistry
33:13 Siege Engineers
36:32 Arquebus
36:50 Elite Organ Gun
jonatjepro
11:37 Feudal Age
12:14 Fishing Lines
15:11 Double-Bit Axe
16:21 Wheelbarrow
19:22 Castle Age
19:57 Gillnets
21:02 Wheelbarrow
20:48 Medium Warships
23:01 Town Watch
24:10 Fletching
24:31 Forging
29:13 Bow Saw
28:46 Horse Collar
29:03 Crossbowman
33:20 Thumb Ring
37:32 Imperial Age
36:08 Bodkin Arrow
36:14 Padded Archer Armor
36:52 Iron Casting
36:17 Scale Mail Armor
40:44 Two-Man Saw
audreyroussel.83
8:59 Feudal Age
11:59 Double-Bit Axe
14:02 Loom
15:48 Wheelbarrow
20:50 Town Watch
25:49 Castle Age
24:11 Fishing Lines
26:21 Forging
25:57 Pikeman
26:56 Squires
29:37 Crossbowman
30:16 Fletching
31:04 Iron Casting
30:59 Scale Mail Armor
32:22 Chain Mail Armor
33:15 Stone Mining
33:20 Gold Mining
34:37 Murder Holes
36:43 Fortified Wall
scjeff42
10:44 Loom
10:51 Loom
12:40 Feudal Age
22:27 Castle Age
21:34 Scale Barding Armor
21:44 Bloodlines
22:03 Forging
24:12 Fletching
24:23 Scale Mail Armor
25:55 Wheelbarrow
25:06 Town Watch
27:44 Bodkin Arrow
31:20 Fervor
33:32 Chain Mail Armor
38:18 Imperial Age
37:36 Chain Barding Armor
37:08 Double-Bit Axe
37:06 Horse Collar
Connection lost

Rejoining the realm…

Still unreachable

The connection could not be restored.

Session expired

The server has moved on; the page needs a fresh start.